 Dungeon Crawl Stone Soup version 0.16-a0-3987-g5719e88 (webtiles) character file.

210 Duskembrace the Conjurer (level 5, -20/28 HPs)
             Began as a Deep Elf Conjurer on Feb 12, 2015.
             Was a Follower of Vehumet.
             Demolished by an orc warrior
             ... wielding a cursed -2 halberd
              (26 damage)
             ... on level 4 of the Dungeon.
             The game lasted 00:08:36 (2899 turns).

Duskembrace the Conjurer (Deep Elf Conjurer)        Turns: 2899, Time: 00:08:37

Health: -20/28     AC:  2    Str:  5    XL:     5   Next: 56%
Magic:  6/17       EV: 13    Int: 21    God:    Vehumet [*.....]
Gold:   92         SH:  0    Dex: 15    Spells: 3 memorised, 5 levels left

rFire  . . .     SeeInvis .     p - +2 dagger (venom)
rCold  . . .     Clarity  .     a - +0 robe
rNeg   . . .     SustAb   .     (no shield)
rPois  .         Gourm    .     (no helmet)
rElec  .         Spirit   .     (no cloak)
rCorr  .         Warding  .     (no gloves)
rMut   .         Stasis   .     (no boots)
MR     +....                    (no amulet)
Stlth  ++........               (no ring)
                                g - ring of protection from magic

@: somewhat resistant to hostile enchantments, unstealthy
A: no striking features
a: Renounce Religion


You were on level 4 of the Dungeon.
You worshipped Vehumet.
Vehumet was aware of your devotion.
You were not hungry.

You visited 1 branch of the dungeon, and saw 4 of its levels.

You collected 92 gold pieces.

Inventory:

Hand weapons
 p - a +2 dagger of venom (weapon)
Armour
 a - a +0 robe (worn)
 e - a +2 shield
Magical staves
 o - an uncursed staff of death
Jewellery
 g - a ring of protection from magic (left hand)
Scrolls
 f - a scroll of random uselessness {unknown}
 h - a scroll of fear {unknown}
 i - 2 scrolls of identify {unknown}
 k - 4 scrolls of blinking {unknown}
 l - a scroll of teleportation {unknown}
 q - 3 scrolls of remove curse {unknown}
 s - a scroll of fog {unknown}
Potions
 m - a potion of degeneration {unknown}
 n - 2 potions of agility {unknown}
 r - 2 potions of heal wounds {unknown}
 t - a potion of curing {unknown}
Books
 c - a book of Conjurations

   Spells                             Type                      Level
   a - Magic Dart                     Conjuration                  1
   b - Searing Ray                    Conjuration                  2
   c - Dazzling Spray                 Conjuration/Hexes            3
   d - Fulminant Prism                Conjuration/Hexes            4
   e - Iskenderun's Mystic Blast      Conjuration                  4
   f - Iskenderun's Battlesphere      Conjuration/Charms           5
Comestibles
 b - a bread ration
 d - 9 fruits
 j - 6 chunks of flesh


   Skills:
 - Level 2.4 Dodging
 - Level 2.4 Stealth
 + Level 3.7 Spellcasting
 * Level 7.3 Conjurations


You had 5 spell levels left.
You knew the following spells:

 Your Spells              Type           Power        Failure   Level  Hunger
a - Magic Dart            Conj           ####         1%          1    None
b - Searing Ray           Conj           ####..       1%          2    ##.....
c - Dazzling Spray        Conj/Hex       ###.....     10%         3    ###....


Dungeon Overview and Level Annotations

Branches:
Dungeon (4/15)
 Temple: D:4-7

Altars:
Qazlal
Vehumet


Message History

Press: ? - help, Shift-Dir - straight line, f - orc warrior
Aim: an orc warrior, wielding an enchanted halberd and wearing a plate armour The searing ray misses the orc warrior.
The searing ray hits the orc.
The orc is moderately wounded.
The searing ray hits the orc warrior.
The orc warrior hits you from afar with an enchanted halberd!
Ouch! That really hurt!
* * * LOW HITPOINT WARNING * * *
Casting: Searing Ray
Confirm with . or Enter, or press ? or * to list all spells.
Aiming: Dazzling Spray
Press: ? - help, Shift-Dir - straight line, f/p - orc warrior
Aim: an orc warrior, wielding an enchanted halberd and wearing a plate armour The spray of energy misses the orc warrior.
The spray of energy hits the orc.
The orc is almost dead.
The orc is dazzled.
The orc warrior hits you from afar with an enchanted halberd!!
Ouch! That really hurt!
You die...

#†# #o# #.#
### #g# #..
#.# #.. #o#
#.. #o#
##.. #.#
#... #@#
#... #.#
#..' #.#
##..
#####.#
######.
#.....#
#......
#.....#
#......
#.....#
#####......
#.....#
#..........
#.....#
#..........


You could see an orc warrior, 2 orcs and a hobgoblin.

Vanquished Creatures
  A hound (D:4)
  An orc priest (D:3)
  An iguana (D:4)
  5 adders (D:3)
  3 worms
  4 giant geckos
  An ooze (D:3)
  8 orcs
  A ball python (D:2)
  6 giant cockroaches
  7 goblins
  3 hobgoblins
  3 kobolds
  5 bats
  2 giant newts
  6 rats
57 creatures vanquished.

Notes
Turn   | Place    | Note
--------------------------------------------------------------
     0 | D:1      | Duskembrace, the Deep Elf Conjurer, began the quest for the Orb.
     0 | D:1      | Reached XP level 1. HP: 10/10 MP: 5/5
   750 | D:1      | Reached XP level 2. HP: 15/15 MP: 6/8
   759 | D:1      | Learned a level 2 spell: Searing Ray
   948 | D:2      | Reached skill level 5 in Conjurations
  1634 | D:3      | Reached XP level 3. HP: 19/19 MP: 6/10
  1639 | D:3      | Learned a level 3 spell: Dazzling Spray
  1842 | D:3      | Found a stormy altar of Qazlal.
  1854 | D:3      | Found a radiant altar of Vehumet.
  2035 | D:3      | Became a worshipper of Vehumet
  2165 | D:3      | Reached skill level 6 in Conjurations
  2165 | D:3      | Reached XP level 4. HP: 24/24 MP: 8/13
  2676 | D:4      | Reached XP level 5. HP: 28/28 MP: 13/16
  2701 | D:4      | Acquired Vehumet's first power
  2701 | D:4      | Offered knowledge of Freeze by Vehumet.
  2817 | D:4      | Reached skill level 7 in Conjurations
  2878 | D:4      | Noticed an orc warrior
  2899 | D:4      | Demolished by an orc warrior

Action                   |  1- 3 |  4- 6 || total
-------------------------+-------+-------++-------
Melee: Dagger            |       |     3 ||     3
       Staff             |       |     3 ||     3
 Cast: Magic Dart        |    52 |    24 ||    76
       Searing Ray       |     3 |     9 ||    12
       Dazzling Spray    |     1 |     1 ||     2
  Eat: Chunk             |     2 |       ||     2
       Meat ration       |     1 |       ||     1
